Map: Orbital Shipyard

Players

munckeN

  • Race: Zerg Zerg
  • League: Diamond

MorN - Winner!

  • Race: Terran Terran
  • League: Diamond

VOD

Have the link to the VOD?

Description

Time

  • Played on: Nov. 12, 2015, 10:55 p.m.
  • Length: 17:39
Show
View Real Time Build Order
Export as new Build Order

munckeN Zerg 

Build Orders: Hatch First 

Get SALT Encoding   

  12  0:01  Drone  
  13  0:08  Drone  
  14  0:17  Overlord  
  14  0:27  Extractor  
  14  0:28  Extractor  
  12  0:29  Drone x2  
  16  0:37  Drone  
  17  0:54  Hatchery  
  16  1:06  Spawning Pool  
  16  1:08  Drone  
  16  1:11  Extractor  
  16  1:14  Drone  
  16  1:18  Drone  
  17  1:21  Drone  
  18  1:30  Drone  
  19  1:41  Overlord  
  19  1:52  Queen  
  19  1:53  Zergling x2  
  22  2:05  Zergling x2  
  22  2:06  Queen  
  22  2:07  Drone  
  26  2:13  Metabolic Boost  
  26  2:19  Drone x2  
  28  2:26  Drone  
  29  2:37  Overlord  
  29  2:41  Queen x2  
  33  2:50  Drone x2  
  33  2:51  Drone  
  36  3:00  Overlord x2  
  36  3:21  Drone x9  
  45  3:35  Extractor  
  45  3:36  Extractor  
  45  3:39  Roach Warren  
  42  3:53  Drone x5  
  42  3:54  Drone x2  
  42  3:55  Hatchery  
  48  4:03  Drone x3  
  48  4:05  Overlord  
  48  4:08  Overlord  
  51  4:25  Extractor  
  51  4:31  Evolution Chamber, Roach  
  49  4:32  Evolution Chamber, Roach x4  
  58  4:38  Lair  
  58  4:39  Drone x2  
  58  4:43  Drone x2  
  61  5:02  Drone x6  
  67  5:09  Zerg Missile Weapons Level 1, Zerg Ground Armor Level 1  
  67  5:20  Overlord x3  
  67  5:27  Drone x3  
  67  5:28  Drone x3  
  73  5:33  Spore Crawler  
  72  5:36  Spore Crawler  
  72  5:37  Spore Crawler  
  72  5:41  Overseer  
  70  5:44  Roach  
  70  5:45  Roach x4  
  66  6:05  Drone  
  66  6:06  Drone x12  
  75  6:14  Queen x2  
  79  6:25  Spire, Extractor  
  78  6:26  Extractor  
  75  6:52  Hatchery  
  73  7:11  Overlord  
  73  7:12  Overlord x3  
  73  7:13  Zerg Ground Armor Level 2, Zerg Missile Weapons Level 2  
  75  7:15  Roach  
  75  7:16  Roach x11  
  75  7:22  Hydralisk Den  
  96  7:23  Glial Reconstitution  
  96  7:41  Mutalisk  
  96  7:42  Mutalisk x6  
  110  7:56  Drone x11  
  121  8:00  Overlord  
  121  8:12  Hatchery  
  120  8:19  Drone x11  
  131  8:21  Extractor  
  131  8:23  Extractor  
  129  8:29  Corruptor x2  
  133  8:34  Overlord x2  
  133  8:42  Ravager x7  
  133  8:43  Ravager x3  
  129  9:10  Drone x7  
  129  9:16  Corruptor x5  
  129  9:17  Corruptor x2  
  148  9:41  Queen  
  148  9:42  Overlord x3, Infestation Pit  
  148  9:44  Overlord x2  
  148  9:45  Roach x4  
  157  9:46  Roach x3  
  157  9:47  Overlord  
  161  10:16  Zergling x20  
  171  10:22  Overlord x2  
  171  10:24  Pneumatized Carapace  
  171  10:27  Hive  
  171  10:30  Zerg Melee Weapons Level 1  
  171  10:32  Lurker Den  
  171  10:34  Overlord  
  171  10:35  Overlord  
  169  11:01  Overlord  
  169  11:02  Overlord x2  
  169  11:06  Queen  
  166  11:30  Zergling x2  
  166  11:31  Zergling x44  
  163  12:19  Ultralisk Cavern  
  163  12:20  Greater Spire  
  162  12:28  Baneling Nest  
  162  12:29  Roach  
  181  12:30  Roach x13  
  181  12:31  Overlord x3  
  189  12:42  Hatchery  
  189  12:43  Overlord  
  189  12:44  Overlord x2  
  170  13:29  Infestor x3  
  170  13:30  Infestor x2  
  170  13:33  Baneling  
  166  13:48  Ultralisk x6  
  197  13:54  Chitinous Plating, Zerg Flyer Weapons Level 1  
  197  13:55  Zerg Melee Weapons Level 2  
  197  13:56  Zerg Ground Armor Level 3  
  150  14:21  Burrow  
  150  14:23  Zergling x2  
  150  14:24  Zergling x34  
  140  14:41  Infestor x6  
  146  14:51  Pathogen Glands  
  146  14:58  Corruptor x7  
  160  15:04  Ultralisk  
  163  15:31  Hatchery  
  163  15:35  Hatchery  
  140  15:38  Infestor x4  
  140  16:00  Ultralisk  
  140  16:05  Overseer x4  
  140  16:10  Overseer x2  
  140  16:19  Mutalisk  
  140  16:21  Mutalisk  
  100  17:17  Zergling x18  
  100  17:18  Zergling x6  
Show
View Real Time Build Order
Export as new Build Order

MorN Terran - Winner!

Build Orders: Command Center First (CC), Hellion Banshee, MMM Bio 

Get SALT Encoding   

  12  0:00  SCV  
  13  0:13  SCV  
  14  0:18  Supply Depot  
  14  0:25  SCV  
  15  0:39  SCV  
  16  0:56  Command Center  
  16  1:00  SCV  
  17  1:05  Refinery  
  17  1:13  SCV  
  18  1:21  Barracks  
  18  1:29  SCV  
  19  1:41  SCV  
  20  1:53  SCV  
  21  2:09  Orbital Command x2  
  21  2:11  Factory, Marine  
  22  2:34  Barracks Reactor  
  22  2:38  SCV x2  
  24  2:50  SCV  
  25  3:00  Supply Depot  
  25  3:10  Refinery  
  24  3:25  Hellion  
  24  3:26  Hellion  
  27  3:32  Starport  
  27  3:35  SCV  
  27  3:39  SCV, Barracks Tech Lab  
  29  3:47  SCV, Hellion x2  
  34  3:49  Command Center  
  34  3:51  SCV  
  35  4:03  SCV  
  36  4:11  Hellion x2  
  36  4:14  Cloaking Field  
  36  4:15  Banshee  
  43  4:19  Supply Depot  
  43  4:20  SCV, Supply Depot  
  43  4:21  SCV  
  45  4:30  Barracks Tech Lab  
  45  4:32  SCV  
  45  4:35  Armory  
  46  4:41  SCV, Hellion x2  
  46  4:44  SCV  
  52  4:51  Stimpack  
  52  4:53  SCV  
  52  4:57  SCV  
  54  5:03  Hellion x2  
  54  5:04  Orbital Command  
  54  5:05  SCV  
  59  5:07  Refinery  
  59  5:09  SCV, Refinery  
  60  5:14  Banshee  
  60  5:17  SCV  
  60  5:20  Supply Depot  
  60  5:21  SCV  
  65  5:25  Terran Vehicle Weapons Level 1  
  65  5:29  SCV  
  66  5:47  Hellion x2  
  62  6:01  SCV  
  62  6:02  SCV  
  62  6:03  SCV  
  61  6:09  Hellion x2, Barracks  
  58  6:12  Barracks, Starport Reactor  
  58  6:14  SCV  
  58  6:15  SCV  
  58  6:17  SCV  
  61  6:26  SCV  
  61  6:27  SCV  
  61  6:29  Supply Depot, SCV  
  64  6:33  Engineering Bay x2  
  64  6:39  SCV, Factory Reactor  
  65  6:41  Barracks  
  65  6:46  Barracks  
  65  6:48  Orbital Command  
  65  6:51  SCV x2  
  67  6:59  Barracks Reactor  
  67  7:00  Combat Shields, Marauder x2  
  68  7:06  SCV x2  
  70  7:09  Medivac  
  70  7:10  Medivac  
  70  7:15  SCV  
  75  7:18  SCV  
  75  7:19  Terran Infantry Weapons Level 1, Terran Infantry Armor Level 1  
  75  7:21  Supply Depot, Reaper  
  77  7:26  SCV  
  77  7:27  SCV  
  77  7:28  Marine  
  80  7:30  Concussive Shells  
  80  7:31  Factory Reactor  
  80  7:32  SCV  
  80  7:34  Marine x4  
  81  7:39  Marine x2  
  81  7:40  Medivac x2  
  81  7:41  SCV x2  
  90  7:44  SCV  
  90  7:46  Marine  
  90  7:48  Terran Vehicle Weapons Level 2  
  90  7:49  Command Center  
  91  7:51  Marine  
  91  7:53  SCV x2, Marine  
  91  7:54  Starport  
  91  7:56  Refinery, Starport  
  91  7:57  Refinery  
  95  7:59  Marine x2  
  95  8:04  Marauder  
  99  8:11  Marauder  
  101  8:28  Supply Depot  
  101  8:30  Supply Depot  
  101  8:32  Supply Depot  
  101  8:33  Supply Depot  
  101  8:34  Missile Turret  
  101  8:35  Missile Turret, Liberator  
  101  8:37  Missile Turret  
  101  8:49  SCV x3, Medivac, Marine  
  101  8:50  Marine x2, Marauder  
  101  8:51  Marine x3, Widow Mine x2  
  101  8:53  Medivac  
  101  8:54  Marauder  
  118  9:01  SCV x2  
  116  9:07  Marine  
  116  9:08  Marine x2  
  116  9:09  Marine  
  120  9:11  Marauder  
  120  9:15  Marauder  
  120  9:16  Starport Tech Lab  
  122  9:17  Marine x2  
  122  9:19  Medivac  
  122  9:23  Barracks  
  124  9:24  Barracks  
  124  9:25  Liberator x2  
  124  9:26  Barracks, Starport Reactor  
  124  9:28  SCV x2  
  124  9:31  SCV  
  124  9:32  SCV, Marauder  
  124  9:35  Terran Infantry Weapons Level 2  
  124  9:37  Marauder  
  130  9:38  Supply Depot  
  130  9:41  Fusion Core  
  136  9:48  Widow Mine x2  
  140  9:54  Marauder  
  140  9:55  Liberator x2  
  142  10:02  Marauder, Marine x3  
  142  10:09  Marine  
  142  10:10  Barracks Tech Lab, Marine  
  142  10:11  Barracks Tech Lab  
  142  10:12  Supply Depot  
  142  10:13  Supply Depot  
  150  10:15  Supply Depot, Marauder  
  152  10:24  Marine x2  
  152  10:25  Marauder  
  152  10:28  Supply Depot  
  156  10:30  Liberator x2  
  156  10:37  Marauder  
  157  10:43  SCV  
  157  10:45  Advanced Ballistics  
  157  10:46  Marauder  
  157  10:56  Planetary Fortress  
  157  10:58  Marauder  
  157  11:00  Liberator  
  159  11:14  Missile Turret x2, Liberator  
  159  11:15  Marauder x2, Missile Turret, Marine x4  
  159  11:16  Marauder  
  159  11:17  Missile Turret, Medivac  
  174  11:22  Refinery  
  174  11:23  Missile Turret  
  174  11:24  Missile Turret  
  167  11:26  Refinery  
  167  11:27  Missile Turret  
  167  11:32  Marine x2  
  171  11:33  Marauder  
  171  11:36  Marauder  
  171  11:37  Marine x2, Marauder  
  171  11:38  Marauder  
  173  11:51  Terran Infantry Armor Level 2  
  171  11:54  Marauder  
  171  12:01  Liberator x2  
  164  12:04  Marine x3  
  164  12:05  Marauder x3, Marine  
  128  12:15  Marauder  
  128  12:16  Marine x2  
  128  12:17  Marine  
  128  12:18  Medivac x2  
  141  12:24  Marine x2  
  141  12:26  Marauder x2  
  141  12:27  Marauder  
  141  12:28  Widow Mine, Marine x2  
  141  12:29  Widow Mine  
  155  12:36  Marine  
  155  12:37  Marauder, Marine x2  
  158  12:42  Marine x2  
  162  12:46  Marine  
  162  12:48  Marauder x3  
  169  12:53  Marine  
  169  12:54  Marine, Medivac x2  
  169  12:57  Widow Mine x2  
  181  12:58  Marauder  
  181  13:08  Marine x2  
  181  13:09  Marauder x2, Marine  
  188  13:22  Marine  
  188  13:24  Marauder  
  188  13:26  Marauder  
  186  13:30  Marine x2  
  186  13:31  Marauder x2  
  188  13:39  Marine x2  
  187  13:45  Marauder  
  188  13:56  Liberator  
  188  13:57  Liberator x2  
  188  13:58  Command Center  
  188  14:05  Marine  
  188  14:06  Marine x3  
  188  14:07  Marauder  
  188  14:10  Marine x2  
  188  14:12  Marauder x2  
  188  14:13  Marauder  
  188  14:15  Marine  
  178  14:23  Marine  
  173  14:24  Marine x3  
  173  14:28  Marauder, Medivac x2, Marine x2  
  169  14:34  Marauder x2  
  169  14:35  Marauder  
  158  14:40  Widow Mine, Marine  
  158  14:41  Liberator x2, Marine  
  162  14:50  Marauder  
  164  14:55  Marauder x2  
  164  14:56  Medivac, Marauder  
  164  14:57  Medivac x2  
  182  15:01  Terran Vehicle Weapons Level 3  
  178  15:08  Marine  
  178  15:09  Marine  
  178  15:11  Marauder  
  178  15:12  Marine x5  
  187  15:16  Marauder x2  
  187  15:17  Marine  
  192  15:26  Marine x2  
  185  15:29  Marine  
  185  15:30  Marine x4  
  185  15:33  Marauder  
  185  15:35  Marauder  
  180  15:37  Widow Mine x2  
  180  15:38  Marauder x2  
  188  15:44  Marine x2  
  188  15:47  Marine x2  
  188  15:48  Medivac x4  
  196  15:54  Marauder  
  196  15:55  Marine x3  
  196  15:56  Marauder  
  168  15:59  Marauder x2  
  168  16:02  Marine x2  
  172  16:08  Marine x2  
  174  16:12  Widow Mine  
  174  16:13  Marine x2  
  174  16:15  Marauder  
  174  16:18  Marauder  
  182  16:20  Marauder  
  182  16:21  Marauder  
  186  16:37  Marauder  
  186  16:39  Marauder  
  190  16:40  Marine x2  
  190  16:41  Marine x2  
  190  16:42  Marauder x2  
  190  16:46  Marine x2  
  195  16:58  Marauder  
  195  17:01  Marauder  
  199  17:06  Marine  
  200  17:10  Marine x2  
  200  17:11  Marauder  
  200  17:14  Marine x2  
  200  17:15  Marauder  
  193  17:21  Marine  
Tags
 
Add a new tag
Caveats
  • Supply blocks, unpowered buildings, or Contaminate may cause inaccurate times.
  • Supply counts are checked every 10 seconds.